[Event "Team 45 45 League T69"]
[Site "Internet Chess Club"]
[Date "2016.06.17"]
[Round "2"]
[White "jerryicc"]
[Black "deancorso1"]
[Result "1/2-1/2"]
[WhiteElo "1845"]
[BlackElo "1877"]
[Opening "Caro-Kann: advance variation"]
[ECO "B12"]
[Time "10:01:37"]
[TimeControl "2700+45"]

1. e4 c6 2. d4 d5 3. e5 Bf5 4. Nf3 e6 5. Be2 c5 6. c3 Nc6 7. O-O cxd4 8. cxd4
Nge7 9. Bg5 h6 10. Be3 Bh7 11. Nc3 Nf5 12. a3 Be7 13. b4 O-O 14. Bc1 Rc8 15. Bb2
Qb6 16. Na4 Qd8 17. Nc5 b6 18. Nd3 Nh4 19. Nxh4 Bxh4 20. g3 Bg5 21. f4 Be7 22.
Rc1 {Game drawn by mutual agreement} 1/2-1/2

[Event "Team 45 45 League T69"]
[Site "Internet Chess Club"]
[Date "2016.06.18"]
[Round "2"]
[White "drbishop"]
[Black "qingjoshua"]
[Result "0-1"]
[WhiteElo "1791"]
[BlackElo "1743"]
[Opening "Grünfeld defense"]
[ECO "D80"]
[Time "18:17:07"]
[TimeControl "2700+45"]

1. d4 Nf6 2. c4 g6 3. Nc3 d5 4. e3 Bg7 5. cxd5 Nxd5 6. Bc4 Nxc3 7. bxc3 O-O 8.
Nf3 c5 9. O-O Nc6 10. Ba3 Na5 11. Bd3 c4 12. Bc2 b5 13. Rb1 Rb8 14. e4 a6 15.
Nd2 Nc6 16. f4 b4 17. Nxc4 bxa3 18. Rxb8 Nxb8 19. Kh1 Be6 20. d5 Bd7 21. e5 Bb5
22. Bb3 Qc7 23. Qd4 Rc8 24. d6 exd6 25. exd6 Qc6 26. Ne5 Bxe5 27. Bxf7+ Kxf7 28.
fxe5+ Bxf1 29. Qf2+ Ke6 30. Qf6+ Kd5 31. e6 Qxd6 {White resigns} 0-1

[Event "Team 45 45 League T69"]
[Site "Internet Chess Club"]
[Date "2016.06.19"]
[Round "2"]
[White "AH2012"]
[Black "roji"]
[Result "0-1"]
[WhiteElo "1639"]
[BlackElo "1846"]
[Opening "Caro-Kann: advance variation"]
[ECO "B12"]
[Time "20:07:10"]
[TimeControl "2700+45"]

1. e4 c6 2. d4 d5 3. e5 c5 4. c3 Nc6 5. Nf3 Bg4 6. Bb5 e6 7. h3 Bh5 8. g4 Bg6 9.
Bf4 h5 10. g5 Qb6 11. Bxc6+ bxc6 12. Qe2 c4 13. h4 Bd3 14. Qd2 Rb8 15. b3 cxb3
16. axb3 Be4 17. Rh3 Qxb3 18. Qc1 Qxb1 19. Rxb1 Rxb1 20. Qxb1 Bxb1 21. Ke2 Bf5
22. Rh1 Bg4 23. Ra1 Ne7 24. Rxa7 Nf5 25. Bg3 Be7 26. Ra8+ Bd8 27. Ra7 O-O 28.
Ra6 Be7 29. Rxc6 Ra8 30. c4 Nxd4+ 31. Ke3 Nxc6 {White resigns} 0-1

[Event "Team 45 45 League T69"]
[Site "Internet Chess Club"]
[Date "2016.06.25"]
[Round "2"]
[White "QuieroAprender"]
[Black "anishio"]
[Result "1/2-1/2"]
[WhiteElo "1593"]
[BlackElo "1678"]
[Opening "Ruy Lopez: exchange variation, 5.O-O"]
[ECO "C68"]
[Time "21:30:51"]
[TimeControl "2700+45"]

1. e4 e5 2. Nf3 Nc6 3. Bb5 a6 4. Bxc6 dxc6 5. O-O Bd6 6. d4 Qe7 7. dxe5 Bxe5 8.
Nxe5 Qxe5 9. Nc3 Bd7 10. Qd2 f6 11. f4 Qe7 12. e5 O-O-O 13. Qe3 Kb8 14. h3 h5
15. e6 Qxe6 16. f5 Qxe3+ 17. Bxe3 Ne7 18. g4 hxg4 19. hxg4 Rh4 20. Rf4 Rdh8 21.
Rd1 Rh1+ 22. Kg2 R1h2+ 23. Kf3 Bc8 24. Re4 Nxf5 25. gxf5 Bxf5 26. Bf4 Bxe4+ 27.
Nxe4 R2h3+ 28. Kg2 R3h4 29. Kf3 Rh3+ 30. Kg2 R3h4 31. Kf3 f5 32. Ng5 Rh1 33. Rd2
Rf1+ 34. Kg3 g6 35. Ne6 Rc8 36. Nxc7 Rxf4 37. Nxa6+ bxa6 38. Kxf4 Kc7 39. Kg5
Rg8 40. Rh2 Kd6 41. Rh4 Kc5 42. Ra4 Kb5 43. b3 a5 44. c4+ Kb6 45. c5+ Kxc5 46.
Rxa5+ Kb6 47. b4 Kb7 48. Rc5 Kb6 49. a4 Kb7 50. a5 Rf8 51. Kf4 Rf6 52. b5 cxb5
53. Rxb5+ Ka6 54. Re5 Rc6 55. Kg5 Kb7 56. Re7+ Rc7 57. Re6 Rc6 58. Re7+ Kc8 59.
Re8+ Kd7 60. Rg8 Ra6 61. Rg7+ Ke8 62. Rb7 Rxa5 63. Kxg6 f4 64. Rb3 Ke7 65. Rf3
Ra4 66. Kf5 {Game drawn by mutual agreement} 1/2-1/2

[Event "Team 45 45 League T69"]
[Site "Internet Chess Club"]
[Date "2016.06.21"]
[Round "2"]
[White "lacibacsi"]
[Black "fishhead"]
[Result "1-0"]
[WhiteElo "2069"]
[BlackElo "1762"]
[Opening "King's Indian: orthodox, Aronin-Taimanov, bayonet attack"]
[ECO "E97"]
[Time "15:07:11"]
[TimeControl "2700+45"]

1. d4 Nf6 2. Nf3 g6 3. c4 Bg7 4. Nc3 d6 5. e4 O-O 6. Be2 e5 7. O-O Nc6 8. d5 Ne7
9. b4 Nd7 10. Re1 f5 11. Ng5 Nf6 12. Bf3 f4 13. c5 h6 14. Ne6 Bxe6 15. dxe6 dxc5
16. bxc5 Nc6 17. Nd5 Re8 18. Rb1 Rb8 19. Qb3 Nd4 20. e7 Qxd5 21. exd5 Nxb3 22.
Rxb3 Rxe7 23. Bxf4 e4 24. d6 cxd6 25. Bxd6 Rbe8 26. Bxe7 exf3 27. Rxb7 Nd5 28.
c6 Bf8 29. Bb4 {Black resigns} 1-0

[Event "Team 45 45 League T69"]
[Site "Internet Chess Club"]
[Date "2016.06.16"]
[Round "2"]
[White "JPSVI"]
[Black "Goli"]
[Result "0-1"]
[WhiteElo "1496"]
[BlackElo "1797"]
[Opening "Bird's opening"]
[ECO "A02"]
[Time "17:00:09"]
[TimeControl "2700+45"]

1. f4 g6 2. Nf3 Nf6 3. g3 Bg7 4. Bg2 O-O 5. d3 c6 6. O-O d6 7. Nc3 Nbd7 8. e4 a5
9. Kh1 Qb6 10. Na4 Qa7 11. Qe1 b5 12. Be3 Qc7 13. Nc3 Ng4 14. Bd4 e5 15. fxe5
Ndxe5 16. Nxe5 Nxe5 17. Ne2 c5 18. Bxe5 Bxe5 19. c3 Ra7 20. Nf4 Bxf4 21. Rxf4
Be6 22. Rf6 Qe7 23. e5 Kg7 24. d4 dxe5 25. dxe5 b4 26. b3 c4 27. cxb4 axb4 28.
bxc4 Bxc4 29. Rb6 Rxa2 30. Rxa2 Bxa2 31. Rxb4 Rc8 32. e6 Bxe6 33. Rb7 Qg5 34.
Qa1+ Qf6 35. Qxf6+ Kxf6 36. h4 Rc1+ 37. Kh2 Rc2 38. Kg1 Rxg2+ {White resigns}
0-1

[Event "Team 45 45 League T69"]
[Site "Internet Chess Club"]
[Date "2016.06.15"]
[Round "2"]
[White "zap2"]
[Black "nidusin2"]
[Result "0-1"]
[WhiteElo "1727"]
[BlackElo "1596"]
[Opening "Benko's opening"]
[ECO "A00"]
[Time "09:04:10"]
[TimeControl "2700+45"]

1. g3 d5 2. Bg2 e5 3. Nf3 Nc6 4. O-O e4 5. Ne1 f5 6. d3 Nf6 7. dxe4 fxe4 8. c4
d4 9. e3 d3 10. Nd2 Bf5 11. b3 Bd6 12. Bb2 Be5 13. Qb1 Qd7 14. a3 Bh3 15. Bxe5
Bxg2 16. Kxg2 Nxe5 17. Qb2 Qe6 18. h3 O-O-O 19. Rd1 h5 20. f4 Neg4 21. hxg4 Qxg4
22. Nef3 h4 23. Nxh4 Rxh4 24. Nf3 exf3+ 25. Rxf3 Qh3+ 26. Kf2 Ne4+ 27. Ke1 Qxg3+
28. Qf2 Rh1# {White checkmated} 0-1

[Event "Team 45 45 League T69"]
[Site "Internet Chess Club"]
[Date "2016.06.18"]
[Round "2"]
[White "LarsenB"]
[Black "Freitac"]
[Result "0-1"]
[WhiteElo "1851"]
[BlackElo "1985"]
[Opening "Grünfeld: exchange, classical variation"]
[ECO "D87"]
[Time "14:30:30"]
[TimeControl "2700+45"]

1. d4 Nf6 2. c4 g6 3. Nc3 d5 4. cxd5 Nxd5 5. e4 Nxc3 6. bxc3 Bg7 7. Bc4 c5 8.
Ne2 Nc6 9. Be3 O-O 10. O-O Qc7 11. Rc1 b6 12. Bf4 e5 13. Bg3 Bb7 14. Bd5 Na5 15.
Bxb7 Nxb7 16. d5 Nd6 17. f3 Qd7 18. c4 f5 19. Qc2 fxe4 20. fxe4 Qg4 21. Nc3 Nxc4
22. Nb5 Ne3 23. Rxf8+ Rxf8 24. Qb3 Qe2 {White resigns} 0-1

[Event "Team 45 45 League T69"]
[Site "Internet Chess Club"]
[Date "2016.06.16"]
[Round "2"]
[White "Yedixon"]
[Black "Portola"]
[Result "0-1"]
[WhiteElo "1699"]
[BlackElo "1841"]
[Opening "French: advance variation"]
[ECO "C02"]
[Time "19:10:33"]
[TimeControl "2700+45"]

1. e4 e6 2. d4 d5 3. e5 c5 4. c3 Nc6 5. Bb5 Bd7 6. f4 Qb6 7. Bxc6 Bxc6 8. Nf3
Nh6 9. O-O Be7 10. Ng5 Bxg5 11. fxg5 Nf5 12. g4 Ne7 13. Qf3 O-O 14. Rd1 cxd4 15.
cxd4 Ng6 16. Qe3 Rac8 17. Nd2 Bd7 18. b3 Rc2 19. Ba3 Rfc8 20. Bc5 Qa5 21. b4 Qa6
22. Qb3 Ba4 23. Qe3 b6 24. Nb3 bxc5 25. Nxc5 Qb5 26. a3 R2xc5 27. dxc5 Bxd1 28.
Rxd1 Qc4 29. Rc1 Qxg4+ 30. Kh1 d4 31. Qe2 Qxe2 {White resigns} 0-1

[Event "Team 45 45 League T69"]
[Site "Internet Chess Club"]
[Date "2016.06.22"]
[Round "2"]
[White "Innes"]
[Black "OzymandiasVII"]
[Result "1-0"]
[WhiteElo "1556"]
[BlackElo "1656"]
[Opening "French: exchange variation"]
[ECO "C01"]
[Time "19:00:19"]
[TimeControl "2700+45"]

1. e4 e6 2. d4 d5 3. exd5 exd5 4. Bd3 c6 5. Qf3 Bd6 6. Ne2 Ne7 7. Bg5 O-O 8. O-O
Qc7 9. Ng3 Ng6 10. Re1 Be6 11. Nc3 a5 12. h4 Na6 13. a3 h6 14. Bd2 Nxh4 15. Qe3
Qd7 16. Nh5 Nf5 17. Bxf5 Bxf5 18. Nxg7 Kxg7 19. Qxh6+ Kg8 20. g3 Bg6 21. Kg2 Qf5
22. Rh1 Bh7 23. Rh5 Qg6 24. Rg5 Rfe8 25. Rxg6+ Bxg6 26. Rh1 {Black resigns} 1-0

[Event "Team 45 45 League T69"]
[Site "Internet Chess Club"]
[Date "2016.06.19"]
[Round "2"]
[White "Jack-ONeill"]
[Black "deancorso1"]
[Result "1/2-1/2"]
[WhiteElo "2035"]
[BlackElo "1884"]
[Opening "Réti: King's Indian attack"]
[ECO "A05"]
[Time "11:03:41"]
[TimeControl "2700+45"]

1. Nf3 Nf6 2. g3 g6 3. Bg2 Bg7 4. O-O d5 5. d4 O-O 6. Nbd2 Bg4 7. h3 Bf5 8. b3
Qc8 9. Kh2 c5 10. Bb2 cxd4 11. Nxd4 Nc6 12. Nxf5 Qxf5 13. c4 dxc4 14. Nxc4 Rfd8
15. Qb1 Qc5 16. Ba3 Qh5 17. Bf3 Qb5 18. e3 Nd7 19. Bb2 Bxb2 20. Qxb2 Nde5 21.
Nxe5 Nxe5 22. Be2 Nd3 23. Bxd3 Rxd3 {Game drawn by mutual agreement} 1/2-1/2

[Event "Team 45 45 League T69"]
[Site "Internet Chess Club"]
[Date "2016.06.19"]
[Round "2"]
[White "Agarnez"]
[Black "Ptzz"]
[Result "1-0"]
[WhiteElo "1983"]
[BlackElo "1980"]
[Opening "King's Indian, 3.Nf3"]
[ECO "E60"]
[Time "07:01:55"]
[TimeControl "2700+45"]

1. d4 Nf6 2. c4 g6 3. Nf3 Bg7 4. g3 c5 5. d5 Ne4 6. Qc2 Qa5+ 7. Nbd2 f5 8. Bg2
Na6 9. O-O Nb4 10. Qb1 Nf6 11. a3 Na6 12. e4 fxe4 13. Nxe4 d6 14. Bd2 Qa4 15. b3
Qd7 16. Bc3 Qg4 17. Neg5 O-O 18. Re1 Bf5 19. Qb2 Rae8 20. h3 Qh5 21. g4 Bxg4 22.
hxg4 Qxg4 23. Ne6 Bh6 24. Nxf8 Rxf8 25. Qe2 Nc7 26. Qxe7 Nh5 27. Qh4 Qf5 28. Re4
Bf4 29. Rae1 b5 30. Bh3 Qf7 31. Re7 {Black forfeits on time} 1-0

[Event "Team 45 45 League T69"]
[Site "Internet Chess Club"]
[Date "2016.06.19"]
[Round "2"]
[White "Holgate"]
[Black "ArturitoGalacti"]
[Result "1/2-1/2"]
[WhiteElo "2006"]
[BlackElo "1920"]
[Opening "Caro-Kann: classical, Spassky variation"]
[ECO "B19"]
[Time "16:00:25"]
[TimeControl "2700+45"]

1. e4 c6 2. d4 d5 3. Nd2 dxe4 4. Nxe4 Bf5 5. Ng3 Bg6 6. h4 h6 7. Nf3 Nd7 8. h5
Bh7 9. Bd3 Bxd3 10. Qxd3 Qc7 11. Bd2 e6 12. O-O-O Ngf6 13. Ne4 O-O-O 14. g3 Nxe4
15. Qxe4 Bd6 16. c4 Nf6 17. Qe2 c5 18. Bc3 cxd4 19. Nxd4 a6 20. Kb1 Bc5 21. Nb3
Qc6 22. Nxc5 Qxc5 23. g4 Qg5 24. f3 Rxd1+ 25. Rxd1 Rd8 26. Rxd8+ Kxd8 27. Qe5
Qxe5 28. Bxe5 Ne8 29. Kc2 f6 30. Bc3 e5 31. Bb4 Kd7 32. Bf8 Ke6 33. b4 Kf7 34.
Bc5 g6 35. b5 axb5 36. cxb5 gxh5 37. gxh5 Ng7 38. a4 Ke6 39. Be3 Nxh5 40. Bxh6
f5 41. Kb3 Kd5 42. Kb4 Kd6 43. Kc4 Nf6 44. Bf8+ Kc7 45. Bg7 Nd7 46. Kd5 e4 47.
fxe4 fxe4 48. Kxe4 Nc5+ 49. Kd5 Nxa4 50. Bd4 Nb6+ 51. Kc5 {Game drawn by mutual
agreement} 1/2-1/2

[Event "Team 45 45 League T69"]
[Site "Internet Chess Club"]
[Date "2016.06.18"]
[Round "2"]
[White "NashGames"]
[Black "Tobiasdelmonte"]
[Result "1-0"]
[WhiteElo "2019"]
[BlackElo "1753"]
[Opening "Petrov: classical attack"]
[ECO "C43"]
[Time "21:00:26"]
[TimeControl "2700+45"]

1. e4 e5 2. Nf3 Nf6 3. d4 Nxe4 4. Nxe5 d6 5. Nf3 d5 6. Bd3 Nc6 7. O-O Bg4 8. c4
Nb4 9. cxd5 Nxd3 10. Qxd3 Qxd5 11. Re1 f5 12. Nc3 Qd7 13. Nxe4 fxe4 14. Qxe4+
Be7 15. Ne5 Bf5 16. Qxb7 Qc8 17. Qxc8+ Rxc8 18. Nc6 Kd7 19. Nxe7 Rce8 20. Bg5
Be6 21. d5 Bf7 22. Rad1 h6 23. Nc6 Rxe1+ 24. Rxe1 hxg5 25. Ne5+ {Black resigns}
1-0

[Event "Team 45 45 League T69"]
[Site "Internet Chess Club"]
[Date "2016.06.18"]
[Round "2"]
[White "junard"]
[Black "hood"]
[Result "0-1"]
[WhiteElo "1921"]
[BlackElo "1909"]
[Opening "Trompowsky attack (Ruth, Opocenský opening)"]
[ECO "A45"]
[Time "21:09:41"]
[TimeControl "2700+45"]

1. d4 Nf6 2. Bg5 Ne4 3. Bf4 d5 4. Nd2 Nxd2 5. Qxd2 g6 6. Nf3 Bg7 7. O-O-O c6 8.
Bh6 Bf6 9. h3 Nd7 10. g4 e6 11. Bg2 Nb6 12. Ne5 Bd7 13. g5 Bxe5 14. dxe5 Nc4 15.
Qf4 Qa5 16. Kb1 O-O-O 17. Bg7 Qb4 18. Qc1 Rhg8 19. Bf6 Rde8 20. Ka1 Kb8 21. h4
Rc8 22. e4 Qb6 23. Rhf1 d4 24. b3 Na5 25. c4 c5 26. h5 Rc6 27. Rd3 Qc7 28. hxg6
hxg6 29. Rh1 Ra6 30. Rh7 Qb6 31. Qd1 Qb4 32. Rxf7 Be8 33. Rh7 Qa3 34. Qc2 Nc6
35. Rd2 Nb4 36. Qb2 Qa5 37. Kb1 b5 38. Bf1 bxc4 39. Bxc4 Bb5 40. Bxb5 Qxb5 41.
Rh1 Nxa2 42. Rc1 Nc3+ 43. Rxc3 dxc3 44. Qxc3 Qf1+ 45. Kb2 Qa1+ 46. Kc2 Ra2+ 47.
Kd3 Qf1+ 48. Ke3 Qe1+ 49. Kd3 Rxd2+ 50. Qxd2 Qxd2+ 51. Kxd2 Kc7 52. Kc3 Kc6 53.
Be7 Rg7 54. Bf6 Rh7 55. f4 Rh3+ 56. Kd2 Rxb3 57. f5 exf5 58. exf5 gxf5 59. g6
Rb8 60. g7 Kd5 61. Ke3 Ke6 62. Kd3 a5 63. Kc4 a4 {White resigns} 0-1

[Event "Team 45 45 League T69"]
[Site "Internet Chess Club"]
[Date "2016.06.16"]
[Round "2"]
[White "dp15"]
[Black "Capt-Morgan"]
[Result "1-0"]
[WhiteElo "2010"]
[BlackElo "1846"]
[Opening "Scandinavian (center counter) defense"]
[ECO "B01"]
[Time "13:00:45"]
[TimeControl "2700+45"]

1. e4 d5 2. exd5 Qxd5 3. Nc3 Qd8 4. Nf3 Nf6 5. d4 a6 6. Bc4 b5 7. Bb3 c5 8. dxc5
Qxd1+ 9. Nxd1 e6 10. Be3 Bb7 11. a4 b4 12. O-O Nfd7 13. Re1 Bxc5 14. Bxc5 Nxc5
15. Bc4 Nc6 16. Ne5 Nd4 17. Ne3 f6 18. Nd3 Nxd3 19. Bxd3 O-O-O 20. Rad1 h5 21.
Nc4 e5 22. c3 Nc6 23. Be4 Rxd1 24. Rxd1 Kc7 25. cxb4 Nd4 26. Bxb7 Kxb7 27. Kf1
Kc6 28. Rc1 Kd5 29. Nb6+ Ke4 30. Rc7 a5 31. bxa5 Rb8 32. Rxg7 Nb3 33. Nd7 Nd2+
34. Ke1 Rxb2 35. Nxf6+ Kf5 36. Nxh5 Ne4 37. f3 Nc3 38. Ng3+ Kf6 39. Rc7 Nxa4 40.
Ne4+ Kf5 41. Rc4 Ra2 42. g4+ Kg6 43. Rc6+ Kg7 44. h4 Nb2 45. a6 Nd3+ 46. Kd1 Kf7
47. Rc7+ Ke8 48. a7 Kd8 49. Rb7 {Black resigns} 1-0

[Event "Team 45 45 League T69"]
[Site "Internet Chess Club"]
[Date "2016.06.20"]
[Round "2"]
[White "laurenpar"]
[Black "soccerisfun"]
[Result "1/2-1/2"]
[WhiteElo "1947"]
[BlackElo "1863"]
[Opening "English opening"]
[ECO "A16"]
[Time "22:00:22"]
[TimeControl "2700+45"]

1. c4 Nf6 2. Nc3 g6 3. g3 Bg7 4. Bg2 d6 5. d3 O-O 6. Nf3 a6 7. O-O Nc6 8. Rb1 e5
9. b4 h6 10. a4 Qe7 11. Nd2 Rb8 12. b5 axb5 13. axb5 Nd8 14. Nb3 Be6 15. Qc2 b6
16. Na2 Qd7 17. Re1 Bh3 18. Bh1 Ne6 19. Nb4 Ng4 20. f3 Nf6 21. Nc6 Rbe8 22. Nd2
Nd4 23. Nxd4 exd4 24. Nb3 Nh7 25. Bb2 Qe7 26. Qd2 Qe3+ 27. Qxe3 dxe3 28. Bxg7
Kxg7 29. Bg2 Bxg2 30. Kxg2 Ra8 31. Ra1 g5 32. Nd4 Kg6 33. g4 Rfe8 34. Nf5 Rac8
35. d4 h5 36. h3 Nf8 37. Ra3 Ne6 38. Rxe3 Nf4+ 39. Kh2 Rxe3 40. Nxe3 hxg4 41.
hxg4 Rh8+ 42. Kg1 Nh3+ 43. Kg2 Nf4+ 44. Kg1 Nh3+ 45. Kg2 {Game drawn by mutual
agreement} 1/2-1/2

[Event "Team 45 45 League T69"]
[Site "Internet Chess Club"]
[Date "2016.06.16"]
[Round "2"]
[White "samit"]
[Black "LiangLiang"]
[Result "0-1"]
[WhiteElo "1482"]
[BlackElo "1855"]
[Opening "Sicilian: Grand Prix attack"]
[ECO "B23"]
[Time "17:45:44"]
[TimeControl "2700+45"]

1. e4 c5 2. Nc3 Nc6 3. f4 g6 4. Nf3 Bg7 5. Bb5 Nd4 6. O-O Nxb5 7. Nxb5 a6 8. Nc3
e6 9. d3 Ne7 10. Qe1 O-O 11. e5 d5 12. g4 Qc7 13. Qh4 b5 14. Ng5 h6 15. Nf3 Bb7
16. f5 gxf5 17. Bxh6 Ng6 18. Qh5 fxg4 19. Bxg7 Kxg7 20. Qxg4 b4 21. Ne2 d4 22.
Nf4 Bxf3 23. Nh5+ Kh8 24. Rxf3 Rg8 25. Nf6 Nh4 26. Rh3 Rxg4+ 27. Nxg4 Qe7 28.
Nf6 Rg8+ 29. Kf1 Rg5 30. Rxh4+ Kg7 31. Re1 Rxe5 32. Ne8+ Kg6 33. Rg4+ Rg5 34.
Rxg5+ Kxg5 35. Ng7 Kg6 36. Re2 Kxg7 37. Rg2+ Kf6 38. h4 Kf5 39. h5 Qh4 40. Rf2+
Qxf2+ 41. Kxf2 Kg5 42. h6 Kxh6 43. Kf3 Kg5 44. Kg3 f5 45. Kf3 e5 46. Kg3 e4 47.
Kf2 Kf4 48. Ke2 e3 49. Ke1 Kf3 50. Kf1 e2+ 51. Ke1 Ke3 52. c4 f4 53. a3 f3 54.
axb4 f2# {White checkmated} 0-1

[Event "Team 45 45 League T69"]
[Site "Internet Chess Club"]
[Date "2016.06.19"]
[Round "2"]
[White "f5"]
[Black "swagnik"]
[Result "1-0"]
[WhiteElo "2111"]
[BlackElo "1862"]
[Opening "Trompowsky attack (Ruth, Opocenský opening)"]
[ECO "A45"]
[Time "16:53:55"]
[TimeControl "2700+45"]

1. d4 Nf6 2. Bg5 c5 3. Bxf6 gxf6 4. d5 d6 5. e3 e6 6. Nc3 Bg7 7. Bb5+ Bd7 8.
dxe6 fxe6 9. Qxd6 Qb6 10. O-O-O Qxd6 11. Rxd6 Bxb5 12. Nxb5 Na6 13. Rxe6+ Kf7
14. Rd6 Rhd8 15. Ne2 Bf8 16. Rxd8 Rxd8 17. Rd1 Rxd1+ 18. Kxd1 Nb4 19. Nxa7 Bd6
20. h3 Be5 21. Nc3 Bxc3 22. bxc3 Nxa2 23. Nb5 Ke6 24. Kd2 Ke5 25. f3 Kd5 26. g4
Ke6 27. f4 Kd5 28. h4 b6 29. g5 fxg5 30. hxg5 Ke4 31. Nd6+ Kd5 32. Ne8 Ke6 33.
e4 Ke7 34. Nf6 h5 35. Nxh5 Kf7 36. f5 Ke7 37. e5 Kf8 38. e6 Kg8 39. g6 Kf8 40.
f6 Ke8 41. g7 b5 42. g8=R# {Black checkmated} 1-0

[Event "Team 45 45 League T69"]
[Site "Internet Chess Club"]
[Date "2016.06.17"]
[Round "2"]
[White "spand42"]
[Black "Colombiano07"]
[Result "1/2-1/2"]
[WhiteElo "2022"]
[BlackElo "1873"]
[Opening "QGD: Grau (Sahovic) defense"]
[ECO "D06"]
[Time "16:09:37"]
[TimeControl "2700+45"]

1. d4 d5 2. c4 Bf5 3. Nc3 e6 4. Qb3 Nc6 5. e3 Nb4 6. e4 dxe4 7. Be3 Nf6 8. a3
Nd3+ 9. Bxd3 exd3 10. Qxb7 Rb8 11. Qc6+ Qd7 12. Qxd7+ Nxd7 13. b4 Be7 14. Nf3
O-O 15. O-O Bf6 16. h3 Nb6 17. c5 Nc4 18. Rfd1 a5 19. b5 Rfd8 20. a4 g5 {Game
drawn by mutual agreement} 1/2-1/2

[Event "Team 45 45 League T69"]
[Site "Internet Chess Club"]
[Date "2016.06.17"]
[Round "2"]
[White "Atrophied"]
[Black "JefferyChess"]
[Result "0-1"]
[WhiteElo "1565"]
[BlackElo "1970"]
[Opening "Giuoco Piano"]
[ECO "C44"]
[Time "17:01:01"]
[TimeControl "2700+45"]

1. e4 e5 2. Nf3 Nc6 3. d4 exd4 4. Bc4 Bc5 5. c3 Nf6 6. cxd4 Bb4+ 7. Bd2 Nxe4 8.
Bxb4 Nxb4 9. Bxf7+ Kxf7 10. Qb3+ d5 11. Qxb4 Rf8 12. O-O Kg8 13. Ne5 Qg5 14. g3
Bh3 15. Qxb7 Qd8 16. Nc6 Qf6 17. f4 Bxf1 18. Kxf1 Rab8 19. Nxb8 Qxd4 20. Ke2 Re8
21. Kf3 Qf2+ 22. Kg4 Qe2+ 23. Kh3 Nf2+ 24. Kg2 Nd3+ 25. Kh3 Qh5+ 26. Kg2 Re2+
27. Kf1 Qf3+ 28. Kg1 Qg2# {White checkmated} 0-1

[Event "Team 45 45 League T69"]
[Site "Internet Chess Club"]
[Date "2016.06.17"]
[Round "2"]
[White "Gilligan"]
[Black "WCourson"]
[Result "1-0"]
[WhiteElo "1951"]
[BlackElo "1743"]
[Opening "English: Anglo-Grünfeld, Czech defense"]
[ECO "A15"]
[Time "14:31:25"]
[TimeControl "2700+45"]

1. c4 Nf6 2. g3 g6 3. Bg2 d5 4. cxd5 Nxd5 5. Nc3 Nb6 6. Nf3 Bg7 7. O-O Nc6 8. d3
O-O 9. Be3 Bf5 10. Qd2 Qd7 11. Bh6 Bh3 12. Bxg7 Kxg7 13. Rac1 Bxg2 14. Kxg2 e5
15. Ne4 Qe7 16. Nc5 Rab8 17. Nxb7 Nd4 18. Nxd4 exd4 19. Na5 Qd7 20. Nc6 Rbe8 21.
Qb4 Rxe2 22. Qxd4+ Qxd4 23. Nxd4 Rxb2 24. Rxc7 Ra8 25. Re1 Nd5 26. Rd7 Nf6 27.
Rc7 Nd5 28. Rc2 Rxc2 29. Nxc2 Rc8 30. Ne3 Nxe3+ 31. Rxe3 Rc2 32. a4 Ra2 33. Re4
Kf6 34. Kf3 Ra1 35. Rc4 Ke6 36. Rc6+ Kd5 37. Ra6 h5 38. Rxa7 f6 39. a5 Ra3 40.
Ke3 g5 41. Rh7 Rxa5 42. Rxh5 Ke6 43. h4 Re5+ 44. Kf3 Rd5 45. hxg5 Rxd3+ 46. Kg4
f5+ 47. Kf4 Rd4+ 48. Ke3 Rg4 49. Rh6+ Ke7 50. Kf3 Rxg5 51. Kf4 Rg4+ 52. Kxf5 Rg7
53. Kf4 Rf7+ 54. Ke3 Rf5 55. f4 Ra5 56. Kf3 Kf7 57. Rb6 Ra7 58. f5 Ra4 59. g4
Rc4 60. Kg3 Ra4 61. Kh4 Kg7 62. Kh5 Ra1 63. Kg5 Ra7 64. Rb5 Rc7 65. f6+ Kf7 66.
Kf5 Kf8 67. g5 Rc8 68. g6 Ra8 69. g7+ Kg8 70. Kg6 Rc8 71. f7# {Black checkmated}
1-0

[Event "Team 45 45 League T69"]
[Site "Internet Chess Club"]
[Date "2016.06.17"]
[Round "2"]
[White "EndgamesMaster"]
[Black "gump12345"]
[Result "1-0"]
[WhiteElo "2244"]
[BlackElo "2031"]
[Opening "Ruy Lopez: Berlin defense"]
[ECO "C65"]
[Time "22:24:15"]
[TimeControl "2700+45"]

1. e4 e5 2. Nf3 Nc6 3. Bb5 Nf6 4. d3 d6 5. c3 Bd7 6. O-O g6 7. Re1 Bg7 8. Nbd2
O-O 9. Nf1 Nh5 10. Bg5 f6 11. Bd2 Kh8 12. d4 Nxd4 13. Nxd4 exd4 14. Bxd7 Qxd7
15. g4 f5 16. gxh5 fxe4 17. Rxe4 d5 18. Rh4 Bf6 19. Rf4 g5 20. Rg4 Qf7 21. cxd4
Qxh5 22. Ne3 c6 23. Bb4 Rf7 24. Rg3 Qg6 25. Ng4 Bg7 26. Ne5 Bxe5 27. dxe5 Qf5
28. Qd4 Kg8 29. e6 {Black resigns} 1-0

[Event "Team 45 45 League T69"]
[Site "Internet Chess Club"]
[Date "2016.06.16"]
[Round "2"]
[White "xwang1"]
[Black "jorobo"]
[Result "1-0"]
[WhiteElo "2094"]
[BlackElo "2039"]
[Opening "Ruy Lopez: closed, Keres (...Nd7) defense"]
[ECO "C96"]
[Time "22:06:57"]
[TimeControl "2700+45"]

1. e4 e5 2. Nf3 Nc6 3. Bb5 a6 4. Ba4 Nf6 5. O-O Be7 6. Re1 b5 7. Bb3 d6 8. c3
O-O 9. h3 Na5 10. Bc2 c5 11. d4 Nd7 12. Nbd2 exd4 13. cxd4 Nc6 14. d5 Nce5 15.
Nxe5 Nxe5 16. f4 Ng6 17. Nf3 f5 18. a4 fxe4 19. Bxe4 Nxf4 20. axb5 Bh4 21. Nxh4
Qxh4 22. Bxf4 Rxf4 23. Qd3 Bd7 24. bxa6 c4 25. Qe3 Rf7 26. a7 g6 27. Qb6 Bxh3
28. gxh3 Rfxa7 29. Rad1 Re7 30. Qe3 Rae8 31. Rd4 Re5 32. Re2 Kg7 33. Rxc4 h6 34.
Qc3 Kg8 35. Qf3 Rg5+ 36. Rg2 Qe1+ 37. Kh2 Rf8 38. Qc3 Rxg2+ 39. Bxg2 Qe2 40. Rc7
{Black resigns} 1-0

[Event "Team 45 45 League T69"]
[Site "Internet Chess Club"]
[Date "2016.06.17"]
[Round "2"]
[White "chessfunblast"]
[Black "nurmi"]
[Result "1-0"]
[WhiteElo "1913"]
[BlackElo "2071"]
[Opening "Ruy Lopez: fianchetto (Smyslov/Barnes) defense"]
[ECO "C60"]
[Time "12:00:11"]
[TimeControl "2700+45"]

1. e4 e5 2. Nf3 Nc6 3. Bb5 g6 4. O-O Bg7 5. c3 a6 6. Ba4 d6 7. Re1 Ne7 8. h3 O-O
9. g4 b5 10. Bb3 d5 11. d3 h6 12. Be3 Qd6 13. Nbd2 d4 14. cxd4 Nxd4 15. Nxd4
exd4 16. e5 Qb6 17. Bf4 Be6 18. Ne4 Nd5 19. Bg3 Rac8 20. Rc1 c5 21. Nd6 Rc6 22.
Re2 Nc7 23. f4 Nd5 24. f5 Ne3 25. Rxe3 Bxb3 26. Qxb3 dxe3 27. fxg6 c4 28. gxf7+
Kh8 29. dxc4 Qc5 30. Kg2 bxc4 31. Qxc4 Qxc4 32. Rxc4 Rxc4 33. Nxc4 e2 34. e6 Bf6
35. Kf2 Kg7 36. Be5 Rc8 37. e7 Kxf7 38. Nd6+ Kxe7 39. Nxc8+ {Black resigns} 1-0

[Event "Team 45 45 League T69"]
[Site "Internet Chess Club"]
[Date "2016.06.21"]
[Round "2"]
[White "Bizzy-Ketty"]
[Black "santiagoelawad"]
[Result "0-1"]
[WhiteElo "1586"]
[BlackElo "1979"]
[Opening "Caro-Kann: Panov-Botvinnik attack, 5...g6"]
[ECO "B14"]
[Time "10:11:50"]
[TimeControl "2700+45"]

1. e4 c6 2. d4 d5 3. exd5 cxd5 4. c4 Nf6 5. Nc3 g6 6. Nf3 Bg7 7. c5 O-O 8. Be2
Nc6 9. O-O Ne4 10. Be3 h6 11. a3 f5 12. Qb3 e6 13. Rad1 a6 14. Na4 f4 15. Bd2
Nxd4 16. Nxd4 Bxd4 17. Qh3 Bg7 18. Qg4 g5 19. Qf3 Bd7 20. Nb6 Rb8 21. b4 Be8 22.
Bd3 Bg6 23. Rfe1 Qe8 24. Qh3 Rd8 25. Bxe4 Bxe4 26. Qb3 f3 27. g3 Qh5 28. Kh1 Qh3
29. Rg1 Be5 30. Qe3 Bxg3 31. Rxg3 Qf5 32. Rdg1 Kf7 33. Bc3 Rg8 34. Qd4 g4 35.
Qe3 Rg6 36. Bd2 e5 37. Re1 h5 38. h3 h4 39. hxg4 Rxg4 40. Rh3 Rg1+ 41. Kxg1 Qxh3
42. Qg5 Rg8 43. Qxg8+ Kxg8 44. Rxe4 Qg2# {White checkmated} 0-1